 Dungeon Crawl Stone Soup version 0.28.0-53-g5a82cb258f (webtiles) character file.

Game seed: 4829940954611431830

289 Gabide the Poker (level 6, -4/47 HPs)
             Began as a Human Monk on May 29, 2022.
             Slain by a gnoll sergeant
             ... wielding a +0 trident
              (5 damage)
             ... on level 2 of the Dungeon.
             The game lasted 00:08:22 (5110 turns).

Gabide the Poker (Human Monk)                       Turns: 5110, Time: 00:08:22

Health: -4/47      AC:  5    Str: 12    XL:     6   Next: 58%
Magic:  6/6        EV: 11    Int: 13    God:
Gold:   88         SH:  0    Dex: 17    Spells: 5/5 levels left

rFire   . . .      SeeInvis .   a - +0 spear (elec)
rCold   . . .      Faith    .   (no shield)
rNeg    . . .      Spirit   .   f - +0 ring mail
rPois   .          Reflect  .   (no helmet)
rElec   +          Harm     .   (no cloak)
rCorr   +          Rampage  .   (no gloves)
Will    .....                   (no boots)
Stlth   +.........              (no amulet)
HPRegen 0.15/turn               k - ring "Qodghet" {rElec rCorr Int+3}
MPRegen 0.10/turn               (no ring)

@: no status effects
A: no striking features
a: no special abilities


You were on level 2 of the Dungeon.
You visited 1 branch of the dungeon, and saw 3 of its levels.

You collected 88 gold pieces.

Inventory:

Hand Weapons
 a - a +0 spear of electrocution (weapon)
 b - a +0 halberd
Missiles
 c - 2 boomerangs of dispersal (quivered)
Armour
 f - a +0 ring mail (worn)
Jewellery
 k - the ring "Qodghet" (left hand) {rElec rCorr Int+3}
   (You found it on level 2 of the Dungeon)

   [ring of resist corrosion]

   Int:       It affects your intelligence (+3).
   rElec:     It insulates you from electricity.
   rCorr:     It protects you from acid and corrosion.
Scrolls
 d - a scroll of torment
 h - a scroll of identify
Potions
 e - 2 potions of resistance


   Skills:
 - Level 3.0 Fighting
 + Level 6.0 Polearms
 - Level 3.0 Armour
 - Level 3.0 Dodging
 - Level 2.0 Stealth


You had 5 spell levels left.
You didn't know any spells.
Your spell library contained the following spells:

 Spells                   Type           Power      Damage    Failure   Level
 Sting                    Tmut/Pois      0%         1d3       54%         1
 Ensorcelled Hibernation  Hex/Ice        0%         N/A       69%         2
 Passwall                 Tmut/Erth      0%         N/A       69%         2
 Poisonous Vapours        Pois/Air       0%         N/A       69%         2
 Swiftness                Air            0%         N/A       89%         3
 Olgreb's Toxic Radiance  Pois           0%         N/A       100%        4


Dungeon Overview and Level Annotations

Branches:
Dungeon (3/15)

Altars:
Trog


Message History

You are too injured to fight recklessly!
You are too injured to fight recklessly!
You are too injured to fight recklessly!
You are too injured to fight recklessly!
You are too injured to fight recklessly!
You are too injured to fight recklessly!
You are too injured to fight recklessly!
You are too injured to fight recklessly!
You hit the gnoll sergeant but do no damage.
The gnoll sergeant is heavily wounded.
The gnoll sergeant hits you with a +0 trident!
* * * LOW HITPOINT WARNING * * *
You barely miss the gnoll sergeant.
The gnoll sergeant is heavily wounded.
The gnoll sergeant misses you. The gnoll sergeant misses you.
Okay, then.
Okay, then.
Reach: a) +0 spear (elec)
Press: ? - help, Dir - move target, f - gnoll sergeant
Aim: a gnoll sergeant, wielding a +0 trident, wearing a +0 ring mail and wearing a +0 buckler (heavily wounded, about 28% to evade your +0 spear of electrocution)
You reach to attack!
You hit the gnoll sergeant but do no damage.
The gnoll sergeant is heavily wounded.
The gnoll sergeant hits you from afar with a +0 trident!
* * * LOW HITPOINT WARNING * * *
Reach: a) +0 spear (elec)
Press: ? - help, Dir - move target, f/p - gnoll sergeant
Aim: a gnoll sergeant, wielding a +0 trident, wearing a +0 ring mail and wearing a +0 buckler (heavily wounded, about 28% to evade your +0 spear of electrocution)
You reach to attack!
The gnoll sergeant blocks your attack.
The gnoll sergeant is heavily wounded.
The gnoll sergeant hits you from afar with a +0 trident.
* * * LOW HITPOINT WARNING * * *
Reach: a) +0 spear (elec)
Press: ? - help, Dir - move target, f/p - gnoll sergeant
Aim: a gnoll sergeant, wielding a +0 trident, wearing a +0 ring mail and wearing a +0 buckler (heavily wounded, about 28% to evade your +0 spear of electrocution)
You reach to attack!
The gnoll sergeant blocks your attack.
The gnoll sergeant is heavily wounded.
The gnoll sergeant hits you from afar with a +0 trident.
You die...

#......#.........#.........
####......#########.#.........
#.........#...................
#.............######..........
#....†........##...#..........
#................#.#...#######
#.............####.#..>#######
#..................#.####.....
#............@######.# #.....
##############.g.....# #.....
#.##########.....
#................
#.##########..... #.# #.....
#.# #..... ### #.†... #.....


You could see a gnoll sergeant.

Vanquished Creatures
  A gnoll shaman (D:2)
  An orc wizard (D:2)
  8 gnolls
  6 adders
  A white imp (D:3)
  An ufetubus (D:2)
  A worm (D:2)
  A dart slug (D:2)
  8 orcs
  6 ball pythons
  10 endoplasms
  3 giant cockroaches
  6 goblins
  7 hobgoblins
  4 jackals
  5 kobolds
  A quokka (D:2)
  4 bats
  4 frilled lizards
  3 rats
81 creatures vanquished.

Notes
Turn   | Place    | Note
-------+----------+-------------------------------------------
     0 | D:1      | Gabide the Human Monk began the quest for the Orb.
     0 | D:1      | Reached XP level 1. HP: 18/18 MP: 1/1
   349 | D:1      | Reached XP level 2. HP: 24/24 MP: 2/2
  1090 | D:1      | Reached skill level 1 in Armour
  1130 | D:1      | Reached XP level 3. HP: 29/29 MP: 3/3
  1227 | D:1      | Found a faded altar of an unknown god.
  1935 | D:2      | Reached XP level 4. HP: 22/35 MP: 4/4
  2388 | D:2      | Reached skill level 4 in Polearms
  2498 | D:2      | Identified the ring "Qodghet" {rElec rCorr Int+3}
  2521 | D:2      | Reached XP level 5. HP: 34/41 MP: 5/5
  3276 | D:2      | Reached skill level 5 in Polearms
  3645 | D:3      | Found a bloodstained altar of Trog.
  4001 | D:2      | Reached XP level 6. HP: 28/47 MP: 6/6
  4500 | D:2      | HP: 2/47 [gnoll shaman/+0 whip (6)]
  4947 | D:3      | Reached skill level 6 in Polearms
  5109 | D:2      | HP: 1/47 [gnoll sergeant/+0 trident (4)]
  5110 | D:2      | Slain by a gnoll sergeant

Illustrated notes

Levels and vault maps discovered:
D:1:      minmay_arrival_nine_rooms, layout_loops_corners,
          chequers_ecumenical_altar_lobes, chequers_serial_rivers_micro_a,
          dk_noncrumbling_2
D:2:      layout_basic
D:3:      lemuel_castle_with_subvaults [lemuel_castle_interior_carwin_3],
          layout_rooms, mainiacjoe_overflow_catwalk

Skill      XL: |  1  2  3  4  5  6 |
---------------+-------------------+-----
Armour         | 1 2 3 |  3.0
Polearms       | 4 5 6 |  6.0
Fighting       | |  3.0
Dodging        | |  3.0
Stealth        | |  2.0

Action                   |  1- 3 |  4- 6 || total
-------------------------+-------+-------++-------
Melee: Spear             |   106 |   217 ||   323
       Punch             |       |     1 ||     1
Evoke: Wand              |       |     3 ||     3
  Use: Scroll            |     1 |     4 ||     5
       Potion            |       |     6 ||     6
 Stab: Sleeping          |     6 |     1 ||     7
Armor: Ring mail         |    10 |    50 ||    60
       Robe              |     2 |       ||     2
       Skin              |       |    36 ||    36
Dodge: Dodged            |    47 |   112 ||   159
